 Dungeon Crawl Stone Soup version 0.28.0-45-g0d030f2227 (webtiles) character file.

Game seed: 8063832629881584460

105 protoss039 the Digger (level 4, -5/34 HPs)
             Began as a Demonspawn Earth Elementalist on May 16, 2022.
             Slain by Ijyb
             ... wielding a +4 club
              (7 damage)
             ... on level 3 of the Dungeon.
             The game lasted 00:04:50 (4084 turns).

protoss039 the Digger (DsEE)                        Turns: 4084, Time: 00:04:51

Health: -5/34      AC:  2    Str:  8    XL:     4   Next: 53%
Magic:  0/8        EV: 17    Int: 18    God:
Gold:   113        SH:  0    Dex: 14    Spells: 2/8 levels left

rFire   . . .      SeeInvis .   e - +1 short sword
rCold   . . .      Faith    .   (no shield)
rNeg    . . .      Spirit   .   b - +0 robe
rPois   .          Reflect  .   (no helmet)
rElec   .          Harm     .   (no cloak)
rCorr   .          Rampage  .   (no gloves)
Will    .....                   (no boots)
Stlth   ++........              (no amulet)
HPRegen 0.11/turn               (no ring)
MPRegen 0.11/turn               (no ring)

@: agile, flying
A: powered by pain 1
a: no special abilities


You were on level 3 of the Dungeon.
You visited 1 branch of the dungeon, and saw 3 of its levels.

You collected 113 gold pieces.

Inventory:

Hand Weapons
 e - a +1 short sword (weapon)
Missiles
 c - 115 stones
Armour
 b - a +0 robe (worn)
Scrolls
 d - a scroll of amnesia
 g - 2 scrolls of enchant weapon
 h - a scroll of summoning {unknown}


   Skills:
 * Level 2.9 Fighting
 - Level 1.7 Dodging
 - Level 1.7 Stealth
 + Level 2.7 Spellcasting
 - Level 1.0 Transmutations
 + Level 3.3 Earth Magic


You had 2 spell levels left.
You knew the following spells:

 Your Spells              Type           Power      Damage    Failure   Level
a - Sandblast             Erth           28%        2d8       4%          1
b - Passwall              Tmut/Erth      8%         N/A       11%         2
c - Stone Arrow           Conj/Erth      16%        3d8       26%         3

Your spell library contained the following spells:

 Spells                   Type           Power      Damage    Failure   Level
 Petrify                  Tmut/Erth      10%        N/A       56%         4


Dungeon Overview and Level Annotations

Branches:
Dungeon (3/15)

Altars:

Annotations:
D:3 Ijyb


Innate Abilities, Weirdness & Mutations

You sometimes gain a little power by taking damage.


Message History

Casting: Sandblast (safe; 4% risk of failure)
Confirm with . or Enter, or press ? or * to list all spells.
Aiming: Sandblast (safe; 4% risk of failure)
Press: ? - help, Shift-Dir - straight line, f/p - Ijyb
Aim: Ijyb, wielding a +4 club, wearing a +0 ring mail and carrying a wand of flame (9) (heavily wounded, 77% to hit)
The blast of sand hits Ijyb.
Ijyb is heavily wounded.
Ijyb completely misses you.
Unknown command.
Unknown command.
It was a potion of flight.
You feel very buoyant.
You fly up into the air.
Ijyb zaps a wand.
The puff of flame hits you.
* * * LOW HITPOINT WARNING * * *
Unknown command.
You aren't carrying any potions.
As you read the scroll labelled PETHRE XUYHEDAK, it crumbles to dust.
It is a scroll of amnesia.
Really abort (and waste the scroll)?
Okay, then.
Ijyb hits you with a +4 club.
* * * LOW HITPOINT WARNING * * *
Unknown command.
As you read the scroll labelled NAOCOO UPOS SORCH, it crumbles to dust.
The scroll dissolves into smoke.
It was a scroll of fog.
Ijyb barely misses you.
Unknown command.
Casting: Sandblast (safe; 4% risk of failure)
Confirm with . or Enter, or press ? or * to list all spells.
Aiming: Sandblast (safe; 4% risk of failure)
Press: ? - help, Shift-Dir - straight line, f/p - Ijyb
Aim: Ijyb, wielding a +4 club, wearing a +0 ring mail and carrying a wand of flame (8) (purple smoke, heavily wounded, 77% to hit)
The blast of sand hits Ijyb.
Ijyb is heavily wounded.
Unknown command.
As you read the scroll labelled CAYQIG ADDI, it crumbles to dust.
It is a scroll of enchant weapon.
Your +0 short sword glows red for a moment.
Ijyb hits you with a +4 club!
You die...

..###.#.# ..
........# ....
#+##.......# #...
#.##........
#...##...........
......§§§§§..##
#..§§§§§§...#
#.)§§@g§§...#
##.§§###.....#
#...# ....# ##.##
...# #.# ..# #)#
.# #.# # #.# #.#


You could see Ijyb.

Vanquished Creatures
  2 adders (D:2)
  3 gnolls (D:3)
  A worm (D:2)
  10 ball pythons
  5 endoplasms
  A giant cockroach (D:2)
  7 hobgoblins
  3 jackals (D:1)
  7 kobolds
  A quokka (D:1)
  5 bats
  2 frilled lizards (D:2)
  9 rats
56 creatures vanquished.

Vanquished Creatures (others)
  6 plants (D:2)
6 creatures vanquished.

Grand Total: 62 creatures vanquished

Notes
Turn   | Place    | Note
-------+----------+-------------------------------------------
     0 | D:1      | protoss039 the Demonspawn Earth Elementalist began the
                  | quest for the Orb.
     0 | D:1      | Reached XP level 1. HP: 13/13 MP: 3/3
    25 | D:1      | Reached skill level 1 in Transmutations
   367 | D:1      | Reached skill level 1 in Fighting
   646 | D:1      | Gained mutation: You sometimes gain a little power by
                  | taking damage. [demonic ancestry]
   646 | D:1      | Reached XP level 2. HP: 17/21 MP: 5/5
  1761 | D:1      | Reached skill level 3 in Earth Magic
  1894 | D:1      | Reached XP level 3. HP: 27/27 MP: 6/6
  2313 | D:1      | Learned a level 2 spell: Passwall
  2317 | D:1      | Learned a level 3 spell: Stone Arrow
  3597 | D:2      | Reached XP level 4. HP: 15/34 MP: 4/7
  4068 | D:3      | Noticed Ijyb
  4080 | D:3      | HP: 1/34 [Ijyb/+4 club (3)]
  4084 | D:3      | Slain by Ijyb

Illustrated notes

Levels and vault maps discovered:
D:1:      lightli_arrival_statuegarden, layout_loops_cross,
          minmay_misc_feat_columns, skrybe_limestone_x
D:2:      layout_basic, lexackson_kobold_supper
D:3:      layout_basic, minmay_bisected, uniq_ijyb

Skill      XL: |  1  2  3 |
---------------+----------+-----
Transmutations | 1 |  1.0
Fighting       | 1 2 |  2.9
Earth Magic    | 3 |  3.3
Dodging        | |  1.7
Stealth        | |  1.7
Spellcasting   | |  2.7

Action                   |  1- 3 |  4- 6 || total
-------------------------+-------+-------++-------
Melee: Mace              |    25 |       ||    25
       Unarmed           |     6 |       ||     6
       Short sword       |   176 |     7 ||   183
       Punch             |     1 |       ||     1
 Cast: Sandblast         |    29 |    14 ||    43
       Stone Arrow       |       |     1 ||     1
  Use: Scroll            |     1 |     3 ||     4
       Potion            |       |     1 ||     1
 Stab: Sleeping          |     5 |       ||     5
Armor: Robe              |    46 |     2 ||    48
Dodge: Dodged            |   209 |    17 ||   226
